 Dungeon Crawl Stone Soup version 0.22.1-2-g9c5b331383 (webtiles) character file.

81 Nukefarmer the Shield-Bearer (level 4, -1/26 HPs)
             Began as a Gargoyle Fighter on Oct 3, 2018.
             Killed from afar by an electric eel (3 damage)
             ... with a bolt of electricity
             ... on level 3 of the Dungeon on Dec 18, 2018.
             The game lasted 00:08:55 (1494 turns).

Nukefarmer the Shield-Bearer (Gargoyle Fighter)     Turns: 1494, Time: 00:08:55

Health: -1/26      AC: 13    Str: 20    XL:     4   Next: 42%
Magic:  4/4        EV:  5    Int:  9    God:
Gold:   98         SH:  9    Dex:  9    Spells: 3/3 levels left

rFire    . . .     SeeInvis .   a - +0 flail
rCold    . . .     Gourm    .   c - +0 shield
rNeg     + . .     Faith    .   b - +0 chain mail
rPois    ∞         Spirit   .   (helmet restricted)
rElec    +         Reflect  .   (no cloak)
rCorr    .         Harm     .   (no gloves)
MR       .....                  (no boots)
Stlth    ..........             (no amulet)
HPRegen  0.08/turn              (no ring)
MPRegen  0.09/turn              (no ring)

@: no status effects
A: horns 1, frail 1, negative energy resistance 1, electricity resistance, wild
magic 1, unbreathing, petrification resistance, rot immunity, AC +3
a: no special abilities


You were on level 3 of the Dungeon.
You were not hungry.

You visited 1 branch of the dungeon, and saw 3 of its levels.

You collected 98 gold pieces.

Inventory:

Hand Weapons
 a - a +0 flail (weapon)
Armour
 b - a +0 chain mail (worn)
 c - a +0 shield (worn)
Wands
 g - a wand of flame (44)
Scrolls
 e - a scroll of teleportation {unknown}
 h - a scroll of immolation {unknown}
 j - a scroll of remove curse {unknown}
Potions
 d - a potion of might
Comestibles
 f - 6 rations


   Skills:
 * Level 3.9 Fighting
 - Level 2.0 Maces & Flails
 * Level 4.0 Armour
 * Level 0.8 Dodging
 * Level 4.4 Shields


You had 3 spell levels left.
You didn't know any spells.
Your spell library was empty.

Dungeon Overview and Level Annotations

Branches:
Dungeon (3/15)

Altars:

Annotations:
D:3 1 transporter


Innate Abilities, Weirdness & Mutations

You are resistant to torment.
Your stone body is resilient. (AC +3)
You are immune to poison.
You resist negative energy. (rN+)
You are resistant to electric shocks. (rElec)
You can survive without breathing.
You are immune to petrification.
You are immune to rotting.
You have a pair of small horns on your head.
You are frail. (-10% HP)
Your spells are a little harder to cast, but a little more powerful.


Message History

You resist.
The electric eel shoots out a bolt of lightning at you!
The bolt of electricity hits you! You resist.
As you open the door, it creaks loudly!
The electric eel shoots out a bolt of lightning at you!
The bolt of electricity hits you! You resist.
* * * LOW HITPOINT WARNING * * *
Found 21 stones and a scroll labeled GEKIGY PYOLUN.
There is an open door here.
You see here a scroll labeled WICO TOLIG.
The electric eel shoots out a bolt of lightning at you!
The bolt of electricity hits you! You resist.
* * * LOW HITPOINT WARNING * * *
There is a transporter here.
There are no items here.
You see here a scroll labeled WICO TOLIG.
h - a scroll labeled WICO TOLIG The electric eel shoots out a bolt of lightning at you!
The bolt of electricity hits you! You resist.
You die...

#### ...#
########.##########
###.................#
?...###############.#
##.##.#8P#;;≈≈≈≈≈#P8#.##
#.....#..#.......#..#..##
#....©#©@'...♣(..'.©#©...
..(#..#).#.......#..#.%..
#..#8P#≈≈≈≈≈≈≈#P8#..##
#..###############.##
#....o.............#
#.#.............##.##
#.#.###.#.###...##..##
#.#. #.#.###>..##.... #
..#...^.........


You could see 2 electric eels and an orc.

Vanquished Creatures
  4 adders
  2 oozes
  2 dart slugs
  A leopard gecko (D:1)
  3 bats
  2 giant cockroaches (D:1)
  3 goblins
  4 hobgoblins
  3 jackals (D:2)
  A quokka (D:3)
  2 frilled lizards
  3 kobolds
  4 rats
34 creatures vanquished.

Notes
Turn   | Place    | Note
-------+----------+-------------------------------------------
     0 | D:1      | Nukefarmer the Gargoyle Fighter began the quest for the
                  | Orb.
     0 | D:1      | Reached XP level 1. HP: 14/14 MP: 1/1
    83 | D:1      | Reached XP level 2. HP: 17/19 MP: 2/2
   648 | D:1      | Upgraded the game from 0.22.1-1-ga44c0e56f4 to
                  | 0.22.1-2-g9c5b331383
   684 | D:2      | Reached XP level 3. HP: 14/24 MP: 3/3
   994 | D:2      | Gained mutation: You are dopey. (Int -2) [potion of
                  | mutation]
   994 | D:2      | Gained mutation: You have an increased reservoir of magic.
                  | (+10% MP) [potion of mutation]
  1077 | D:2      | Reached XP level 4. HP: 19/29 MP: 4/4
  1463 | D:3      | Found a transporter.
  1475 | D:3      | Lost mutation: You are dopey. (Int -2) [potion of mutation]
  1475 | D:3      | Lost mutation: You have an increased reservoir of magic.
                  | (+10% MP) [potion of mutation]
  1475 | D:3      | Gained mutation: Your mind is acute. (Int +2) [potion of
                  | mutation]
  1475 | D:3      | Gained mutation: You have an increased reservoir of magic.
                  | (+10% MP) [potion of mutation]
  1475 | D:3      | Gained mutation: You are partially covered in rugged brown
                  | scales. (AC +1, +3% HP) [potion of mutation]
  1478 | D:3      | Lost mutation: Your mind is acute. (Int +2) [potion of
                  | mutation]
  1478 | D:3      | Lost mutation: You have an increased reservoir of magic.
                  | (+10% MP) [potion of mutation]
  1478 | D:3      | Lost mutation: You are partially covered in rugged brown
                  | scales. (AC +1, +3% HP) [potion of mutation]
  1478 | D:3      | Gained mutation: You are frail. (-10% HP) [potion of
                  | mutation]
  1478 | D:3      | Gained mutation: Your spells are a little harder to cast,
                  | but a little more powerful. [potion of mutation]
  1478 | D:3      | Gained mutation: You have a pair of small horns on your
                  | head. [potion of mutation]
  1483 | D:3      | Found a transporter.
  1494 | D:3      | Killed from afar by an electric eel

Skill      XL: |  1  2  3  4 |
---------------+-------------+-----
Shields        | 4 |  4.4
Armour         | 4 |  4.0
Fighting       | |  3.9
Maces & Flails | |  2.0
Dodging        | |  0.8

Action                   |  1- 3 |  4- 6 || total
-------------------------+-------+-------++-------
Melee: Flail             |   115 |    51 ||   166
  Use: Potion            |     2 |     2 ||     4
  Eat: Chunk             |     1 |     1 ||     2
Armor: Scale mail        |    89 |       ||    89
       Chain mail        |     7 |    48 ||    55
Dodge: Dodged            |    62 |    22 ||    84
Block: Shield            |    86 |    46 ||   132
